 Dungeon Crawl Stone Soup version 0.17-a0-737-gf0a300a (webtiles) character file.

466 Ololoev the Cutter (level 7, -1/36 HPs)
             Began as a Kobold Enchanter on Apr 21, 2015.
             Was a Follower of Fedhas.
             Slain by an ogre
             ... wielding a +0 giant club
              (23 damage)
             ... on level 4 of the Dungeon.
             The game lasted 00:15:10 (3794 turns).

Ololoev the Cutter (Kobold Enchanter)               Turns: 3794, Time: 00:15:10

Health: -1/36      AC: 12    Str:  9    XL:     7   Next: 30%
Magic:  10/10      EV:  6    Int: 13    God:    Fedhas [*.....]
Gold:   175        SH:  0    Dex: 16    Spells: 2 memorised, 6 levels left

rFire  . . .     SeeInvis .     a - +0 short sword (holy)
rCold  . . .     Clarity  .     p - +3 chain mail {MR+}
rNeg   . . .     SustAb   .     (shield restricted)
rPois  .         Gourm    .     r - +0 helmet
rElec  .         Spirit   .     (no cloak)
rCorr  .         Warding  .     (no gloves)
rMut   .         Stasis   .     (no boots)
MR     +....                    x - amulet of regeneration (curse)
Stlth  ..........               (no ring)
                                h - ring of teleport control

@: somewhat resistant to hostile enchantments, extremely unstealthy
A: carnivore 3
a: Evolution, Renounce Religion, Evoke Teleport Control


Innate Abilities, Weirdness & Mutations

You are small and have problems with some larger weapons.
You are carnivorous and can eat meat at any time.

Inventory:

Hand weapons
 a - a +0 short sword of holy wrath (weapon)
 b - a +0 blowgun
Missiles
 o - 17 poisoned needles
Armour
 p - a +3 chain mail of magic resistance (worn)
 r - a +0 helmet (worn)
Jewellery
 h - a ring of teleport control (left hand)
 n - an uncursed amulet of rage
 x - a cursed amulet of regeneration (around neck)
Scrolls
 f - 3 scrolls of amnesia {unknown}
 i - a scroll of remove curse {unknown}
 k - 2 scrolls of fear {unknown}
 l - a scroll of fog {unknown}
 q - a scroll of recharging {unknown}
 w - a scroll of enchant armour {unknown}
 y - a scroll of immolation {unknown}
Potions
 e - a potion of flight {unknown}
 g - a potion of agility {unknown}
 j - a potion of degeneration {unknown}
 m - 2 potions of invisibility {unknown}
 s - a potion of brilliance {unknown}
 t - 2 potions of cancellation {unknown}
 u - a potion of restore abilities {unknown}
 v - a potion of berserk rage {unknown}
Books
 c - a book of Maledictions

   Spells                             Type                      Level
   a - Corona                         Hexes                        1
   b - Ensorcelled Hibernation        Hexes/Ice                    2
   c - Confuse                        Hexes                        3
   d - Tukima's Dance                 Hexes                        3
   e - Dazzling Spray                 Conjuration/Hexes            3
Comestibles
 d - 2 meat rations


   Skills:
 * Level 6.5 Short Blades
 + Level 1.7 Armour
 - Level 2.4 Dodging
 - Level 4.0 Stealth
 - Level 2.0 Spellcasting
 + Level 4.0 Hexes
 * Level 4.1 Evocations


You had 6 spell levels left.
You knew the following spells:

 Your Spells              Type           Power        Failure   Level  Hunger
a - Corona                Hex            ##.....      100%        1    ##.....
b - Confuse               Hex            ##......     100%        3    ####...


You were on level 4 of the Dungeon.
You worshipped Fedhas.
Fedhas was aware of your devotion.
You were not hungry.

You visited 1 branch of the dungeon, and saw 4 of its levels.

You collected 201 gold pieces.
You spent 26 gold pieces at shops.

###########.########.##.#
#...........# #.##.#
#.########### ####.##.#
#.#........# +........
#.#........# ####'##.#
#.#...## ..# #.....#.#
#.'..#(. ..# #.....+..
#.'..#.?#O.######.....#.#
###..###@..##...........#
#........#.............
#........# .#####.....#
########## #..##.#
#...... ###...#.#
.......... .#.......
#.#..#.#

Notes
Turn   | Place    | Note
--------------------------------------------------------------
     0 | D:1      | Ololoev, the Kobold Enchanter, began the quest for the Orb.
     0 | D:1      | Reached XP level 1. HP: 10/10 MP: 3/3
   198 | D:1      | Reached XP level 2. HP: 15/15 MP: 5/5
   983 | D:1      | Reached XP level 3. HP: 12/19 MP: 6/6
  1393 | D:1      | Learned a level 3 spell: Confuse
  1919 | D:2      | Reached XP level 4. HP: 10/24 MP: 0/7
  2161 | D:2      | Found a shadowy altar of Dithmenos.
  2279 | D:2      | Found a blossoming altar of Fedhas.
  2279 | D:2      | Found an ancient bone altar of Kikubaaqudgha.
  2299 | D:2      | Became a worshipper of Fedhas Madash
  2439 | D:2      | Noticed Terence
  2459 | D:2      | Killed Terence
  2459 | D:2      | Reached skill level 1 in Evocations
  2459 | D:2      | Reached XP level 5. HP: 25/28 MP: 1/8
  2610 | D:2      | Noticed Jessica
  2616 | D:2      | Killed Jessica
  2616 | D:2      | Reached skill level 5 in Short Blades
  3143 | D:3      | Noticed wvc's ghost (average NaIE)
  3181 | D:3      | Killed wvc's ghost
  3181 | D:3      | Reached skill level 1 in Armour
  3181 | D:3      | Reached XP level 6. HP: 32/32 MP: 4/9
  3244 | D:3      | Acquired Fedhas's first power
  3513 | D:4      | Reached skill level 6 in Short Blades
  3513 | D:4      | Reached XP level 7. HP: 36/36 MP: 10/10
  3674 | D:4      | Found Xacsurrolu's Jewellery Shoppe.
  3683 | D:4      | Bought a cursed amulet of inaccuracy for 26 gold pieces
  3794 | D:4      | Slain by an ogre

Dungeon Overview and Level Annotations

Branches:
Dungeon (4/15)
 Temple: D:4-7

Altars:
Dithmenos
Fedhas
Kikubaaqudgha

Shops:
D:4 =


Message History

Put on which piece of jewellery? (? for menu, Esc to quit)
You remove your amulet of rage.
Oops, that amulet feels deathly cold.
x - a cursed amulet of regeneration (around neck)
y - a scroll labeled TOGAPEA VIER You open the large door.
There is a large open door here.
An ogre comes into view. It is wielding a giant club.
The ogre shouts!
Found a scroll labeled MOCRAZ GAAC and 13 bolts.
Use which ability? (? or * to list)
You can't do that.
Use which ability? (? or * to list)
You can't do that.
Put on which piece of jewellery? (? for menu, Esc to quit)
Your cursed amulet of regeneration is stuck to you!
Read which item? (? for menu, Esc to quit)
Okay, then.
Casting: Confuse
Confirm with . or Enter, or press ? or * to list all spells.
Okay, then.
You hit the ogre.
The ogre is moderately wounded.
The ogre hits you with a giant club!
You hit the ogre.
The ogre is heavily wounded.
You hit the ogre.
The ogre is heavily wounded.
The ogre hits you with a giant club.
You hit the ogre but do no damage.
The ogre is heavily wounded.
The ogre hits you but does no damage.
Your chain mail prevents you from hitting the ogre.
The ogre is heavily wounded.
You hit the ogre but do no damage.
The ogre is heavily wounded.
The ogre hits you with a giant club!!
Ouch! That really hurt!
You die...
Fedhas appreciates your contribution to the ecosystem.

You could see an ogre.

Vanquished Creatures
  The ghost of wvc the Chiller, an average NaIE (D:3)
  A phantom (D:4)
  2 orc wizards
  Jessica (D:2)
  Terence (D:2)
  A hound skeleton (D:4)
  3 adders
  2 oozes (D:1)
  3 worms
  5 giant geckos
  3 orcs
  2 giant cockroaches
  11 hobgoblins
  3 kobolds
  2 quokkas
  10 bats
  4 giant newts
  4 goblins
  8 jackals
  14 rats
81 creatures vanquished.

Vanquished Creatures (others)
  31 toadstools
31 creatures vanquished.

Grand Total: 112 creatures vanquished

Action                   |  1- 3 |  4- 6 |  7- 9 || total
-------------------------+-------+-------+-------++-------
Melee: Dagger            |   162 |    41 |       ||   203
       Short sword       |       |    95 |    26 ||   121
 Fire: Blowgun           |       |     3 |       ||     3
 Cast: Confuse           |     2 |     4 |       ||     6
 Abil: Evoke Berserk Rag |       |     7 |       ||     7
       Evoke Teleport Co |       |     1 |       ||     1
 Stab: Sleeping          |     6 |     2 |       ||     8
       Distracted        |       |     1 |       ||     1
       Confused          |       |     1 |       ||     1
  Eat: Chunk             |    10 |     7 |       ||    17

Vault maps used:
D:1:      onia_arrival_handbag, kennysheep_decorative_pillar,
          minmay_misc_feat_iff
D:2:      lemuel_doored_altar, grunt_temple_overflow_growth_and_decay,
          uniq_jessica, uniq_terence
D:3:      first_bread
D:4:      serial_shops, nicolae_shop_statue_plus, minivault_24,
          kennysheep_generic_room_7, uniq_pikel
